 Dungeon Crawl Stone Soup version 0.17-b1-15-g0f5fb43 (webtiles) character file.

2793 Eucla the Skirmisher (level 9, -5/71 HPs)
             Began as a Demonspawn Gladiator on Nov 7, 2015.
             Was a Priest of Ru.
             Slain by Eucla's ghost (19 damage)
             ... on level 8 of the Dungeon.
             The game lasted 00:07:45 (5851 turns).

Eucla the Skirmisher (Demonspawn Gladiator)         Turns: 5851, Time: 00:07:45

Health: -5/71      AC: 16    Str: 15    XL:     9   Next: 43%
Magic:  18/18      EV: 13    Int: 11    God:    Ru [***...]
Gold:   241        SH:  3    Dex: 16    Spells: 0 memorised, 8 levels left

rFire  . . .     SeeInvis .     a - +0 war axe
rCold  . . .     Clarity  .     C - +3 scale mail
rNeg   . . .     SustAt   .     (no shield)
rPois  .         Gourm    .     c - +0 helmet
rElec  .         Spirit   .     (no cloak)
rCorr  .         Warding  .     h - +0 pair of gloves
rMut   .         Stasis   .     (no boots)
MR     .....                    k - amulet of faith
Stlth  ..........               o - ring of magical power
                                j - ring of wizardry

@: not resistant to hostile enchantments, extremely unstealthy
A: hooves 2, large bone plates 2, demonic guardian 1, spiny 1, inability to use
devices
a: Draw Out Power, Renounce Religion


You were on level 8 of the Dungeon.
You worshipped Ru.
Ru was most pleased with you.
You were not hungry.

You visited 1 branch of the dungeon, and saw 8 of its levels.

You collected 241 gold pieces.

Inventory:

Hand Weapons
 a - a +0 war axe (weapon)
Missiles
 d - 3 throwing nets (quivered)
Armour
 b - a +0 leather armour
 c - a +0 helmet (worn)
 h - a +0 pair of gloves (worn)
 r - a +0 scale mail
 C - a +3 scale mail (worn)
Jewellery
 j - a ring of wizardry (left hand)
 k - an amulet of faith (around neck)
 o - a ring of magical power (right hand)
 y - an uncursed amulet of warding
 z - an uncursed amulet of rage {unknown}
 H - an uncursed amulet of guardian spirit {unknown}
 K - a cursed ring of teleportation {unknown}
Wands
 I - a wand of hasting (2)
Scrolls
 g - 3 scrolls of fog {unknown}
 i - a scroll of enchant weapon {unknown}
 l - 4 scrolls of identify {unknown}
 p - 2 scrolls of blinking {unknown}
 s - 2 scrolls of fear {unknown}
 t - 2 scrolls of vulnerability {unknown}
 w - a scroll of immolation {unknown}
 x - a scroll of amnesia {unknown}
 B - 3 scrolls of teleportation {unknown}
 E - 3 scrolls of remove curse {unknown}
Potions
 m - a potion of flight {unknown}
 n - a potion of cancellation {unknown}
 q - 2 potions of brilliance {unknown}
 u - a potion of magic {unknown}
 v - a potion of lignification {unknown}
 A - 3 potions of curing
 D - a potion of mutation {unknown}
 F - a potion of cure mutation {unknown}
 J - a potion of berserk rage {unknown}
 L - a potion of resistance {unknown}
Books
 G - a book of Party Tricks

   Spells                             Type                      Level
   a - Summon Butterflies             Summoning                    1
   b - Apportation                    Translocation                1
   c - Tukima's Dance                 Hexes                        3
   d - Alistair's Intoxication        Transmutation/Poison         4
   e - Invisibility                   Hexes                        6
Comestibles
 e - 4 bread rations
 f - 2 meat rations
 M - 2 chunks of flesh


   Skills:
 + Level 6.7 Fighting
 + Level 6.6 Axes
 - Level 1.7 Throwing
 + Level 5.7 Armour
 + Level 6.5 Dodging


You had 8 spell levels left.
You didn't know any spells.

Dungeon Overview and Level Annotations

Branches:
Dungeon (8/15)             Temple (0/1) D:5
   Lair: D:8-11

Altars:
Ashenzari
Dithmenos
Gozag
Ru
Sif Muna

Shops:
D:6 }

Annotations:
D:8 Eucla's ghost, novice TrMo; Pikel


Innate Abilities, Weirdness & Mutations

You have hoof-like feet.
You are mostly covered in large bone plates (AC +3, SH +3).
A weak demonic guardian rushes to your aid.
You are partially covered in sharp spines.
You cannot study or use magical devices.


Message History

It was a potion of curing.
You feel better.
Pikel is no longer blind.
The slave is struck by your spines. The slave closely misses you.
You block the hippogriff's attack. The hippogriff closely misses you.
The hippogriff closely misses you. The slave is struck by your spines.
You kill the slave!
That felt strangely unrewarding.
The slave hits you but does no damage. Eucla's ghost is struck by your spines.
Eucla's ghost hits you!
* * * LOW HITPOINT WARNING * * *
An adder comes into view.
Drink which item? (? for menu, Esc to quit)
You feel better. The slave hits you.
* * * LOW HITPOINT WARNING * * *
You block the hippogriff's attack. The hippogriff pecks you.
* * * LOW HITPOINT WARNING * * *
The hippogriff claws you but does no damage.
Pikel says, "Slavery isn't that bad."
Pikel is struck by your spines. Pikel hits you but does no damage.
The slave closely misses you. Eucla's ghost is struck by your spines.
Eucla's ghost hits you!!
You die...

... ... . ..
<. # .. ..
#.. .. #.##.
.. ... #
....# .# W..#
...#...#.#..#
..S...[....#
......p@p#
......WKH.#
<.........#
........#.#
...#.!..#..
.. ....#..##
. ..... . #
...... #


You could see Pikel, a hippogriff, a phantom, 2 slaves, Eucla's ghost and an
adder.

Vanquished Creatures
  Prince Ribbit (D:6)
  Sigmund (D:4)
  2 orc warriors
  An ice beast (D:7)
  3 ogres
  3 phantoms
  2 slaves (D:8)
  A centaur (D:6)
  Blork the orc (D:4)
  A giant frog (D:7)
  A gnoll sergeant (D:6)
  A water moccasin zombie (D:7)
  3 scorpions
  2 jellies
  2 crimson imps (D:6)
  3 orc priests
  3 hounds
  A gnoll shaman (D:6)
  2 orc wizards
  3 iguanas
  Terence (D:2)
  Natasha (D:4)
  7 worker ants
  A hound skeleton (D:4)
  10 gnolls
  9 adders
  A shadow imp (D:6)
  3 oozes
  An adder zombie (D:5)
  An adder skeleton (D:5)
  2 worms
  3 giant geckos
  26 orcs
  4 goblins (D:1)
  4 hobgoblins
  18 jackals
  13 kobolds
  4 quokkas
  A ball python (D:7)
  9 bats
  8 giant cockroaches
  4 giant newts
  A quokka skeleton (D:6)
  6 rats
175 creatures vanquished.

Vanquished Creatures (collateral kills)
  An ogre (D:6)
  A giant frog (D:5)
  Jessica (D:2)
  A jackal (D:6)
4 creatures vanquished.

Grand Total: 179 creatures vanquished

Notes
Turn   | Place    | Note
--------------------------------------------------------------
     0 | D:1      | Eucla the Demonspawn Gladiator began the quest for the Orb.
     0 | D:1      | Reached XP level 1. HP: 16/16 MP: 1/1
   149 | D:1      | Gained mutation: You are partially covered in sharp spines. [demonic ancestry]
   149 | D:1      | Reached XP level 2. HP: 4/22 MP: 2/2
   438 | D:1      | Reached skill level 3 in Axes
   462 | D:1      | Reached skill level 1 in Armour
   465 | D:1      | Gained mutation: A weak demonic guardian rushes to your aid. [demonic ancestry]
   465 | D:1      | Reached XP level 3. HP: 28/28 MP: 3/3
  1021 | D:2      | Noticed Jessica
  1028 | D:2      | Killed Jessica
  1028 | D:2      | Gained mutation: You have large cloven feet. [demonic ancestry]
  1028 | D:2      | Reached XP level 4. HP: 18/34 MP: 4/4
  1241 | D:2      | Noticed Terence
  1249 | D:2      | Killed Terence
  1645 | D:3      | Gained mutation: You have hoof-like feet. [demonic ancestry]
  1645 | D:3      | Reached XP level 5. HP: 26/41 MP: 5/5
  2192 | D:4      | Found a deep blue altar of Sif Muna.
  2291 | D:4      | Noticed a phantom
  2312 | D:4      | Killed a phantom
  2312 | D:4      | Gained mutation: You are partially covered in large bone plates (AC +2, SH +2). [demonic ancestry]
  2312 | D:4      | Reached XP level 6. HP: 36/47 MP: 6/6
  2445 | D:4      | Reached skill level 4 in Axes
  2461 | D:4      | Noticed Blork the orc
  2469 | D:4      | Killed Blork the orc
  2706 | D:4      | Gained mutation: You are mostly covered in large bone plates (AC +3, SH +3). [demonic ancestry]
  2706 | D:4      | Reached XP level 7. HP: 50/54 MP: 7/7
  2802 | D:4      | Noticed Natasha
  2809 | D:4      | Killed Natasha
  2818 | D:4      | Noticed Sigmund
  2831 | D:4      | Killed Sigmund
  2879 | D:5      | Entered Level 5 of the Dungeon
  2905 | D:5      | Found a sacrificial altar of Ru.
  2938 | D:5      | Became a worshipper of Ru the Awakened
  3257 | D:5      | Found a staircase to the Ecumenical Temple.
  3370 | D:5      | Found an opulent altar of Gozag.
  3533 | D:5      | Reached skill level 5 in Axes
  3596 | D:5      | Reached skill level 5 in Dodging
  3596 | D:5      | Reached XP level 8. HP: 57/61 MP: 8/8
  3767 | D:5      | Reached skill level 5 in Fighting
  4252 | D:6      | Gained mutation: You cannot study or use magical devices. [Ru sacrifice]
  4252 | D:6      | Reached * piety under Ru
  4252 | D:6      | Reached ** piety under Ru
  4252 | D:6      | Reached *** piety under Ru
  4337 | D:6      | Noticed Prince Ribbit
  4340 | D:6      | Found Onkaci's Gadget Boutique.
  4347 | D:6      | Killed Prince Ribbit
  4835 | D:6      | Reached skill level 6 in Axes
  4891 | D:6      | Reached skill level 5 in Armour
  4971 | D:6      | Reached XP level 9. HP: 49/69 MP: 9/9
  5076 | D:6      | Found a shattered altar of Ashenzari.
  5077 | D:6      | Found a shadowy altar of Dithmenos.
  5841 | D:8      | Noticed Pikel
  5841 | D:8      | Noticed Eucla's ghost (novice TrMo)
  5851 | D:8      | Slain by Eucla's ghost

Action                   |  1- 3 |  4- 6 |  7- 9 || total
-------------------------+-------+-------+-------++-------
Melee: War axe           |    60 |    94 |   252 ||   406
Invok: Sacrifice Artific |       |       |     1 ||     1
  Use: Potion            |       |       |     2 ||     2
 Stab: Distracted        |       |     2 |       ||     2
       Paralysed         |       |       |     1 ||     1
  Eat: Chunk             |       |     1 |     6 ||     7
       Meat ration       |       |     1 |       ||     1
       Beef jerky        |       |       |     2 ||     2
       Pizza             |       |       |     1 ||     1
